 Dungeon Crawl Stone Soup version 0.29-a0-322-g68df515428 (webtiles) character file.

Game seed: 6500371681087311207

70 snetch the Chopper (level 4, -7/40 HPs)
             Began as a Minotaur Berserker on Apr 7, 2022.
             Was a Follower of Trog.
             Killed by divine providence
             ... invoked by an orc priest
              (12 damage)
             ... on level 3 of the Dungeon.
             The game lasted 00:04:00 (979 turns).

snetch the Chopper (Minotaur Berserker)              Turns: 979, Time: 00:04:01

Health: -7/40      AC:  9    Str: 24    XL:     4   Next: 4%
Magic:  3/3        EV:  8    Int:  4    God:    Trog [*.....]
Gold:   16         SH:  0    Dex:  9    Spells: 3/3 levels left

rFire   + . .      SeeInvis .   a - +0 hand axe
rCold   + . .      Faith    .   (no shield)
rNeg    . . .      Spirit   .   g - +0 chain mail
rPois   .          Reflect  .   (helmet restricted)
rElec   .          Harm     .   k - scarf {rC+ rF+}
rCorr   .          Rampage  .   (no gloves)
Will    ++...                   (no boots)
Stlth   ..........              (no amulet)
HPRegen 1.13/turn               (no ring)
MPRegen 0.08/turn               (no ring)

@: lethally poisoned (-7 -> -11), strong-willed, regenerating
A: horns 2, retaliatory headbutt
a: Renounce Religion, Berserk


You were on level 3 of the Dungeon.
You worshipped Trog.
Trog was aware of your devotion.
You visited 1 branch of the dungeon, and saw 3 of its levels.

You collected 81 gold pieces.
You spent 65 gold pieces at shops.

Inventory:

Hand Weapons
 a - a +0 hand axe (weapon)
 j - a +1 dagger of freezing
Missiles
 b - 5 atropa-tipped darts (quivered)
 c - 55 stones
 n - 3 javelins
Armour
 g - a +0 chain mail (worn)
 k - a scarf of resistance (worn)
Scrolls
 f - a scroll of fear {unknown}
 h - a scroll of identify {unknown}
 i - a scroll of magic mapping {unknown}
Potions
 d - a potion of magic {unknown}
 e - a potion of attraction {unknown}


   Skills:
 + Level 4.1 Fighting
 + Level 4.4 Axes
 + Level 0.4 Throwing
 + Level 3.5 Armour
 + Level 2.7 Dodging


You had 3 spell levels left.
You didn't know any spells.
Your spell library contained the following spells:

 Spells                   Type           Power      Damage    Failure   Level
 Confusing Touch          Hex            0%         N/A       100%        3
 Yara's Violent Unravell  Hex/Tmut       0%         3d3       100%        5
 Enfeeble                 Hex            0%         N/A       100%        7


Dungeon Overview and Level Annotations

Branches:
Dungeon (3/15)

Altars:

Shops:
D:2 !


Innate Abilities, Weirdness & Mutations

You have a pair of horns on your head.
You reflexively headbutt those who attack you in melee.


Message History

The orc priest is moderately wounded.
You hit the orc.
You feel very sick. The orc hits you but does no damage.
The orc priest calls upon Beogh to heal the orc.
The orc's wounds heal themselves!
You hit the orc priest.
The orc priest is severely wounded.
You hit the orc.
* * * LOW HITPOINT WARNING * * *
You feel very sick.
The orc priest hits you with a +2 whip of venom.
* * * LOW HITPOINT WARNING * * *
The orc hits you with a +0 club.
* * * LOW HITPOINT WARNING * * *
Your skin crawls.
You feel strong-willed.
You can no longer call upon Trog for regeneration and willpower.
You feel very sick. The orc barely misses you.
The orc priest hits you but does no damage.
You are lethally poisoned!
You feel much better.
You feel very sick. The orc hits you with a +0 club.
The orc priest calls down the wrath of Beogh upon you.
Beogh smites you!
* * * LOW HITPOINT WARNING * * *
Unknown command.
You closely miss the orc priest. Your headbutt misses the orc priest.
The orc priest is severely wounded.
You hit the orc.
* * * LOW HITPOINT WARNING * * *
You feel very sick. The orc closely misses you. You furiously retaliate!
You headbutt the orc!
You kill the orc!
Trog accepts your kill.
The orc priest invokes the aid of Beogh against you.
Beogh smites you!
You die...

##...### #.....#
#.....# #.....#
. #####...####
.........†...#
.##.#.###.(##.#
......#)..(.#.##
#'.)@.†$....+
....#.#o#...#.##
# # #.##.##.#
....... #
.#.###### #....
# ..# ..#


You could see an orc priest.

Vanquished Creatures
  An orc priest (D:3)
  2 dart slugs
  3 orcs (D:3)
  3 ball pythons
  2 endoplasms (D:1)
  A giant cockroach (D:1)
  4 goblins
  6 hobgoblins
  5 kobolds
  3 quokkas
  A bat (D:2)
  2 frilled lizards
  A rat (D:3)
34 creatures vanquished.

Notes
Turn   | Place    | Note
-------+----------+-------------------------------------------
     0 | D:1      | snetch the Minotaur Berserker began the quest for the Orb.
     0 | D:1      | Reached XP level 1. HP: 19/19 MP: 0/0
   190 | D:1      | Reached XP level 2. HP: 18/27 MP: 1/1
   822 | D:2      | Reached XP level 3. HP: 26/33 MP: 2/2
   872 | D:2      | Found Akhyme's Distillery.
   882 | D:2      | Bought a potion of heal wounds for 65 gold pieces
   970 | D:3      | Reached ** piety under Trog
   972 | D:3      | Reached XP level 4. HP: 31/40 MP: 3/3
   979 | D:3      | Killed from afar by an orc priest

Illustrated notes

Levels and vault maps discovered:
D:1:      scummos_arrival_hexagon, layout_basic, serial_curves, eino_curves_04,
          eino_curves_04, eino_curves_03, eino_curves_03
D:2:      layout_basic, serial_shops, nicolae_shop_advertising_works
          [nicolae_subvault_shop_adworks], minmay_goblin_outpost
D:3:      layout_loops_corners, mainiacjoe_overflow_alcove_1,
          hellmonk_ecumenical_altar_prayer_group, minivault_11

Skill      XL: |  1  2 |
---------------+-------+-----
Fighting       | 4 |  4.1
Axes           | 4 |  4.4
Armour         | 3 |  3.5
Throwing       | |  0.4
Dodging        | |  2.7

Action                   |  1- 3 |  4- 6 || total
-------------------------+-------+-------++-------
Melee: Hand axe          |    73 |     6 ||    79
       Headbutt          |     8 |       ||     8
Throw: Stone             |     2 |       ||     2
       Dart              |     6 |       ||     6
Invok: Trog's Hand       |       |     1 ||     1
  Use: Potion            |       |     1 ||     1
Armor: Ring mail         |     7 |       ||     7
       Chain mail        |    23 |     5 ||    28
Dodge: Dodged            |    33 |     2 ||    35

Table legend: (Time is in decaauts)
 A = Elapsed time spent in this place.
 B = Non-inter-level travel time spent in this place.
 C = Inter-level travel time spent in this place.
 D = Time resting spent in this place.
 E = Time spent auto-exploring this place.
 F = Levels seen in this place.
 G = Mean time per level.
                   A        B        C        D        E       F      G
               +--------+--------+--------+--------+--------+-----+--------+
         Total |    990 |    859 |    131 |      0 |    287 |   3 |  330.0 |
       Dungeon |    990 |    859 |    131 |      0 |    287 |   3 |  330.0 |
               +--------+--------+--------+--------+--------+-----+--------+

Top non-repeatable levels by time:
     D:1: 719 daAuts
     D:2: 233 daAuts
     D:3: 38 daAuts
